 Dungeon Crawl Stone Soup version 0.27.0-1-g7a089689b8 (webtiles) character file.

Game seed: 7380476729573606732

36713 Spaninq the Slinger (level 13, -8/69 HPs)
             Began as a Spriggan Arcane Marksman on Aug 1, 2021.
             Was a Plaything of Xom.
             Mangled by a molten gargoyle (11 damage)
             ... on level 4 of the Lair of Beasts on Aug 2, 2021.
             The game lasted 01:54:20 (26708 turns).

Spaninq the Slinger (Spriggan Arcane Marksman)     Turns: 26708, Time: 01:54:21

Health: -8/69      AC: 13    Str:  8      XL:     13   Next: 54%
Magic:  16/16      EV: 30    Int: 14 (15) God:    Xom [...*..]
Gold:   1793       SH: 13    Dex: 16      Spells: 12/14 levels left

rFire    . . .     SeeInvis +   n - +1 short sword (venom)
rCold    . . .     Faith    .   j - +0 buckler
rNeg     . . .     Spirit   .   q - +0 steam dragon scales
rPois    .         Reflect  +   (helmet restricted)
rElec    .         Harm     .   p - +1 cloak
rCorr    .         Rampage  .   (gloves unavailable)
Will     ++...                  (boots unavailable)
Stlth    +.........             x - amulet of reflection
HPRegen  0.21/turn              y - +4 ring of evasion
MPRegen  0.15/turn              g - +4 ring of protection

@: unable to read, very quick
A: very small, no large weapons, unfitting armour, see invisible, speed 3, fangs
1, iridescent scales 1, sense surroundings 1, weak 1, inability to read while
threatened
a: Renounce Religion


You were on level 4 of the Lair of Beasts.
You worshipped Xom.
You were a favourite toy of Xom.
You visited 2 branches of the dungeon, and saw 16 of its levels.
You also visited: Bailey.

You collected 2027 gold pieces.
You spent 234 gold pieces at shops.

Inventory:

Hand Weapons
 a - a +1 hunting sling
 n - a +1 short sword of venom (weapon)
 B - a +2 war axe of flaming
Missiles
 c - 159 sling bullets
 e - 372 stones (quivered)
Armour
 j - a +0 buckler (worn)
 p - a +1 cloak (worn)
 q - +0 steam dragon scales (worn)
 C - a +0 robe of willpower
Jewellery
 g - a +4 ring of protection (right hand)
 k - a ring of protection from fire
 s - a ring of flight
 x - an amulet of reflection (around neck)
 y - a +4 ring of evasion (left hand)
 I - a ring of magical power
 K - a ring of protection from fire
Wands
 d - a wand of digging (9)
 v - a wand of iceblast (24)
 F - a wand of paralysis (7)
 G - a wand of charming (17)
 J - a wand of acid (31)
 M - a wand of polymorph (4)
Scrolls
 b - 4 scrolls of identify
 w - 2 scrolls of enchant weapon
 A - a scroll of summoning
 D - 4 scrolls of teleportation
 E - 2 scrolls of fear
 H - 3 scrolls of amnesia
Potions
 f - 3 potions of heal wounds
 h - 5 potions of lignification
 i - 2 potions of brilliance
 l - 2 potions of haste
 m - 2 potions of cancellation
 o - 3 potions of might
 r - 7 potions of curing
 t - a potion of mutation
 u - a potion of invisibility
 z - a potion of berserk rage
 L - 2 potions of ambrosia
 N - a potion of flight


   Skills:
 + Level 8.7 Fighting
 + Level 12.2 Short Blades
 * Level 13.6 Slings
 + Level 13.3 Dodging
 - Level 7.2 Shields
 - Level 1.3 Spellcasting
 - Level 3.6 Hexes


You had 12 spell levels left.
You knew the following spells:

 Your Spells              Type           Power      Damage    Failure   Level
b - Slow                  Hex            11%        N/A       9%          2

Your spell library contained the following spells:

 Spells                   Type           Power      Damage    Failure   Level
 Corona                   Hex            12%        N/A       6%          1
 Animate Skeleton         Necr           0%         N/A       26%         1
 Apportation              Tloc           0%         N/A       26%         1
 Summon Small Mammal      Summ           0%         N/A       26%         1
 Inner Flame              Hex/Fire       6%         N/A       36%         3
 Portal Projectile        Hex/Tloc       12%        N/A       36%         3
 Cause Fear               Hex            5%         N/A       50%         4
 Conjure Flame            Conj/Fire      0%         6-21      58%         3
 Ignite Poison            Fire/Tmut/Pois 0%         N/A       58%         3
 Ozocubu's Armour         Ice            0%         N/A       58%         3
 Airstrike                Air            0%         N/A       94%         4
 Hailstorm                Conj/Ice       0%         3d3       94%         4
 Ice Form                 Ice/Tmut       0%         N/A       94%         4
 Sticky Flame             Conj/Fire      0%         2d3       94%         4
 Summon Lightning Spire   Summ/Air       0%         N/A       94%         4
 Metabolic Englaciation   Hex/Ice        3%         N/A       98%         5
 Lightning Bolt           Conj/Air       0%         1d11      100%        5
 Simulacrum               Ice/Necr       0%         N/A       100%        6
 Ozocubu's Refrigeration  Ice            0%         4d5       100%        7


Dungeon Overview and Level Annotations

Branches:
Dungeon (11/15)            Temple (0/1) D:7            Lair (5/6) D:11
 Spider (0/4) Lair:2          Orc (0/2) D:9          Bailey (visited)
  Swamp: Lair:2-4    Shoals: Lair:2-4     Slime: Lair:5-6

Altars:
Ashenzari
Cheibriados
Dithmenos
Elyvilon
Fedhas
Nemelex Xobeh
Okawaru
Ru
Sif Muna
Xom
The Shining One

Shops:
D:5 (?(*   D:7 *[[!*   D:8 (

Annotations:
D:5 exclusion: oklob plant
D:8 2 runed translucent doors, unlimited1921's ghost, amateur MiFi
D:9 2 transporters, ParallaxScroll's ghost, novice DjGl
Lair:4 1 runed translucent door, Thraspic's ghost, journeyman OpFi


Innate Abilities, Weirdness & Mutations

You are very small and have problems with some larger weapons.
You are too small for most types of armour.
You have supernaturally acute eyesight. (SInv)
You cover ground extremely quickly. (Speed+++)
You have very sharp teeth.
You are partially covered in iridescent scales. (AC +2)
You passively map a small area around you.
You are weak. (Str -2)
You sometimes lose the ability to read scrolls when taking damage.


Message History

The molten gargoyle is severely damaged.
You hit the molten gargoyle but do no damage.
You bite the molten gargoyle, but do no damage.
The molten gargoyle is severely damaged.
The molten gargoyle blasts magma at you!
The bolt of magma misses you.
You hit the molten gargoyle but do no damage.
Your bite misses the molten gargoyle.
The molten gargoyle is severely damaged.
You hit the molten gargoyle but do no damage.
The molten gargoyle is severely damaged.
The molten gargoyle hits you but does no damage.
You hit the killer bee.
The killer bee is poisoned.
The killer bee is lightly wounded.
You block the killer bee's attack.
You closely miss the killer bee.
The killer bee is lightly wounded.
The killer bee completely misses you.
The molten gargoyle completely misses you.
You closely miss the killer bee.
You bite the killer bee, but do no damage.
The killer bee is moderately wounded.
The killer bee misses you.
You hit the killer bee.
The killer bee looks as sick as possible!
Your bite misses the killer bee.
The killer bee is moderately wounded.
The killer bee completely misses you. You block the molten gargoyle's attack.
You hit the molten gargoyle but do no damage.
The molten gargoyle is severely damaged.
The killer bee misses you.
You hit the molten gargoyle.
The molten gargoyle is severely damaged.
You kill the killer bee!
The molten gargoyle hits you with a +0 mace!
You feel threatened and lose the ability to read scrolls!
* * * LOW HITPOINT WARNING * * *
Xom is amused.
You are engulfed in flames!
You die...

.PP.....##.....#≈≈ ≈##≈≈≈≈≈##...
..P.P...##.....#≈≈≈ ##≈≈...≈≈#..#
..###....##...##≈≈###........####
..# #.#.##P..##≈≈≈##..####SS..#
..#########..#≈≈≈≈§.### *#§≈.≈≈≈
..#.######...#≈≈§§§## #...##S..≈≈
.............#§§≈..# #....##≈≈...
.............#§9§..###.....##≈≈..
.............#§≈@.###.......####≈
.P..#####....#§§§.###..........##
.#### ##...###..##.......).....
..# * ##....##..##.............
.## #........................
.##* , ##.......................
..# ,,. ##.......................
.####PP##........................
.P.#..P#.#.......................


You could see a molten gargoyle.

Vanquished Creatures
  2 hydras
  A catoblepas (Lair:3)
  A two-headed ogre (D:11)
  3 death yaks (Lair:3)
  Urug (D:10)
  Nergalle (Lair:3)
  A swamp dragon (D:8)
  2 orc knights (Bailey)
  An ugly thing (D:11)
  A manticore (D:7)
  11 cane toads
  Maggie (D:7)
  Psyche (D:8)
  5 rime drakes
  9 komodo dragons
  A troll (D:7)
  3 meliai (D:10)
  A polar bear (Lair:2)
  A queen bee (Lair:2)
  A hornet (Lair:2)
  A blink frog (Lair:2)
  A meliai zombie (D:10)
  A redback (Lair:2)
  6 wyverns
  A yak (shapeshifter) (Lair:2)
  A hog (shapeshifter) (D:7)
  15 yaks
  A golden eye (shapeshifter) (Lair:1)
  A human (shapeshifter) (Lair:1)
  Grum (D:9)
  4 basilisks
  2 vampire mosquitoes (D:10)
  2 steam dragons (Lair:2)
  A swamp worm (Lair:4)
  9 wargs
  15 orc warriors
  20 water moccasins
  3 sky beasts
  2 black bears
  2 ice beasts
  5 ogres (D:7)
  2 centaurs
  11 wolves
  2 phantoms
  2 lemures (D:7)
  3 kobold brigands
  17 bullfrogs
  2 gnoll sergeants (D:7)
  4 scorpions
  A water moccasin skeleton (D:4)
  39 killer bees
  6 howler monkeys
  3 centaur zombies
  2 lava snakes (Lair:4)
  7 hounds
  A bullfrog skeleton (D:6)
  6 orc priests
  Crazy Yiuf (D:6)
  3 jellies
  A centaur skeleton (D:7)
  4 gnoll shamans
  2 iguanas
  17 orc wizards
  A scorpion zombie (D:5)
  A howler monkey zombie (D:8)
  18 gnolls
  12 adders
  2 white imps
  An ufetubus (D:6)
  4 dart slugs
  58 orcs
  7 bats
  9 endoplasms
  6 giant cockroaches
  9 goblins
  8 hobgoblins
  16 jackals
  28 kobolds
  6 quokkas
  8 ball pythons
  4 frilled lizards
  2 rats
478 creatures vanquished.

Vanquished Creatures (collateral kills)
  A hydra (Lair:2)
  2 death yaks (Lair:2)
  Pikel (D:7)
  An elephant (Lair:2)
  A rime drake (Lair:3)
  Prince Ribbit (D:8)
  5 yaks (D:8)
  2 steam dragons (D:8)
  A water moccasin (D:6)
  A black bear (D:6)
  An ogre (D:7)
  2 sky beasts
  A killer bee (Lair:2)
  An orc priest (D:7)
  A gnoll shaman (D:7)
  2 orc wizards
  7 orcs
  An endoplasm (D:4)
  3 kobolds (D:10)
35 creatures vanquished.

Vanquished Creatures (others)
  A dancing weapon (D:10)
  A yak (D:9)
  2 orc wizards
  An orc (D:7)
  24 fungi
  63 plants
92 creatures vanquished.

Grand Total: 605 creatures vanquished

Notes
Turn   | Place    | Note
-------+----------+-------------------------------------------
     0 | D:1      | Spaninq the Spriggan Arcane Marksman began the quest for
                  | the Orb.
     0 | D:1      | Reached XP level 1. HP: 9/9 MP: 3/3
   198 | D:1      | Reached skill level 1 in Fighting
   237 | D:1      | Reached XP level 2. HP: 6/14 MP: 5/5
   486 | D:1      | Learned a level 2 spell: Slow
   684 | D:1      | Found a faded altar of an unknown god.
  1028 | D:1      | Reached XP level 3. HP: 18/18 MP: 6/6
  1963 | D:2      | Reached XP level 4. HP: 22/22 MP: 5/7
  3012 | D:3      | Found a shadowy altar of Dithmenos.
  3044 | D:3      | Reached XP level 5. HP: 26/26 MP: 8/8
  3099 | D:1      | Became a worshipper of Xom the Capricious
  3160 | D:3      | XOM: silly message
  3428 | D:3      | Reached skill level 5 in Slings
  4188 | D:4      | Found a sparkling altar of Nemelex Xobeh.
  4205 | D:4      | Reached skill level 1 in Short Blades
  4638 | D:4      | Noticed a water moccasin
  4645 | D:4      | XOM: cast spell 'Statue Form'
  4656 | D:4      | XOM: summons friendly shadow imp
  4662 | D:4      | Killed a water moccasin
  4663 | D:4      | Reached XP level 6. HP: 30/30 MP: 9/9
  4792 | D:4      | XOM: noise
  4940 | D:4      | XOM: divination: detect creatures
  4947 | D:4      | XOM: summons friendly iron imp
  4953 | D:4      | XOM: smoke on damage
  4968 | D:4      | XOM: summons 2 friendly demons
  5009 | D:4      | XOM: summons 1 hostile demon
  5252 | D:4      | XOM: silly message
  5554 | D:4      | Reached skill level 5 in Dodging
  5554 | D:4      | Reached skill level 1 in Shields
  5629 | D:5      | Entered Level 5 of the Dungeon
  5636 | D:5      | Noticed an ice beast
  5642 | D:5      | XOM: confuse monster(s)
  5659 | D:5      | XOM: cast spell 'Disjunction'
  5664 | D:5      | XOM: summons friendly crimson imp
  5674 | D:5      | XOM: smoke on damage
  5680 | D:5      | Killed an ice beast
  5681 | D:5      | Reached XP level 7. HP: 8/35 MP: 10/10
  5945 | D:5      | Found a snail-covered altar of Cheibriados.
  5963 | D:5      | XOM: scenery: create altars
  5968 | D:5      | XOM: confuse monster(s)
  5996 | D:5      | Identified the +4 ring mail of Joanking {rPois}
  6006 | D:5      | Found Siekees's Magic Scroll Emporium.
  6139 | D:5      | Found Otefa's General Store.
  6240 | D:5      | XOM: god gift: 10 stones
  6331 | D:5      | XOM: give mutations
  6331 | D:5      | Gained mutation: Your mind is acute. (Int +2) [Xom's grace]
  6331 | D:5      | Gained mutation: You expend magic power (3 MP) to
                  | strengthen your wands. [Xom's grace]
  6331 | D:5      | Gained mutation: You have a beak for a mouth. [Xom's grace]
  6352 | D:5      | XOM: cloud trail
  6357 | D:5      | Found Uruejiy's Antique Weapon Boutique.
  6402 | D:5      | Found Ygust's Antique Weapon Shop.
  6410 | D:5      | XOM: 2-stop teleportation journey
  6441 | D:5      | Found a blossoming altar of Fedhas.
  6464 | D:5      | XOM: divination: magic mapping
  6482 | D:5      | Noticed an oklob plant
  7415 | D:6      | XOM: polymorph killer bee -> killer bee
  7420 | D:5      | Reached XP level 8. HP: 9/40 MP: 11/11
  7685 | D:6      | XOM: give mutations
  7685 | D:6      | Gained mutation: You have a pair of small horns on your
                  | head. [Xom's grace]
  7685 | D:6      | Gained mutation: You have a pair of horns on your head.
                  | [Xom's grace]
  7685 | D:6      | Gained mutation: You possess an exceptional clarity of
                  | mind. [Xom's grace]
  7685 | D:6      | Gained mutation: You are robust. (+10% HP) [Xom's grace]
  7686 | D:6      | XOM: polymorph hound -> killer bee
  7696 | D:6      | XOM: confuse monster(s)
  7701 | D:6      | Reached skill level 5 in Short Blades
  7731 | D:6      | XOM: god gift: chain mail {god gift}
  7815 | D:6      | XOM: summons 6 friendly demons
  7974 | D:6      | XOM: destruction
  7975 | D:6      | XOM: summons friendly shadow imp
  7999 | D:6      | XOM: polymorph shadow imp -> white imp
  8012 | D:6      | XOM: divination: detect items
  8107 | D:6      | Found a white marble altar of Elyvilon.
  8122 | D:6      | XOM: smoke on damage
  8143 | D:6      | XOM: summons 8 friendly demons
  8326 | D:6      | XOM: butterfly on damage
  8326 | D:6      | XOM: smoke on damage
  8386 | D:5      | XOM: draining
  8543 | D:6      | XOM: enchant monster (bad)
  8814 | D:6      | XOM: noise
  9160 | D:6      | XOM: noise
  9287 | D:6      | Found a runed translucent door.
  9288 | D:6      | Noticed Crazy Yiuf
  9301 | D:6      | XOM: butterfly on damage
  9312 | D:6      | Killed Crazy Yiuf
  9658 | D:6      | XOM: fog
  9667 | D:7      | Found Wyecomy's Distillery.
  9681 | D:7      | Found Kagg's Antique Armour Emporium.
  9706 | D:7      | XOM: swap monsters
  9715 | D:7      | Noticed a hellwing
  9715 | D:7      | a lemure changed into a hellwing
  9715 | D:7      | XOM: polymorph lemure -> hellwing
  9737 | D:7      | XOM: fog
  9787 | D:7      | Noticed Pikel
  9788 | D:7      | XOM: cast spell 'Call Canine Familiar'
  9789 | D:7      | XOM: confuse monster(s)
  9791 | D:7      | XOM: cast spell 'Death Channel'
  9797 | D:7      | Killed Pikel
  9798 | D:7      | Reached XP level 9. HP: 28/49 MP: 12/12
  9921 | D:7      | XOM: 5-stop teleportation journey
  9999 | D:7      | XOM: polymorph gnoll -> shapeshifter
 10000 | D:7      | Noticed a fire crab
 10000 | D:7      | a shapeshifter changed into a fire crab
 10023 | D:7      | XOM: noise
 10091 | D:7      | XOM: enchant monster (bad)
 10117 | D:7      | Noticed a guardian serpent
 10297 | D:7      | XOM: divination: detect items
 10298 | D:7      | XOM: 1-stop teleportation journey
 10322 | D:7      | XOM: enchant monster (good)
 10328 | D:7      | XOM: fake destruction
 10362 | D:7      | XOM: summons friendly quasit
 10370 | D:7      | Found a glowing golden altar of the Shining One.
 10463 | D:7      | Found a broken altar of Ashenzari.
 10473 | D:7      | XOM: potion effect (heal wounds)
 10476 | D:8      | Noticed Prince Ribbit
 10484 | D:8      | Found Duirax's Antique Weapon Emporium.
 10486 | D:8      | Killed Prince Ribbit
 10491 | D:8      | XOM: confuse monster(s)
 10492 | D:8      | Noticed Psyche
 10538 | D:8      | XOM: scenery: summon butterflies
 10547 | D:8      | XOM: enchant monster (bad)
 10576 | D:8      | XOM: potion effect (might)
 10579 | D:8      | XOM: polymorph butterfly -> shapeshifter
 10619 | D:8      | Killed Psyche
 10620 | D:8      | Reached XP level 10. HP: 32/56 MP: 6/13
 10620 | D:8      | Noticed Harold
 10625 | D:7      | Noticed a torpor snail
 10625 | D:7      | a dream sheep changed into a torpor snail
 10630 | D:7      | Found Serapoah's Assorted Antiques.
 10648 | D:7      | Found a staircase to the Ecumenical Temple.
 10667 | D:7      | Bought a scroll labelled RIANGEA XEIGY for 26 gold pieces
 10667 | D:7      | Bought a scroll of teleportation for 78 gold pieces
 10667 | D:7      | Bought a scroll of identify for 52 gold pieces
 10667 | D:7      | Bought a scroll of teleportation for 78 gold pieces
 10746 | D:7      | Noticed Maggie
 10746 | D:7      | XOM: give mutation
 10746 | D:7      | Lost mutation: You are robust. (+10% HP) [Xom's mischief]
 10747 | D:7      | XOM: 2-stop teleportation journey
 10758 | D:7      | XOM: noise
 10776 | D:7      | XOM: divination: detect creatures
 10793 | D:7      | Reached skill level 5 in Fighting
 10795 | D:7      | XOM: summons friendly white imp
 10801 | D:7      | XOM: polymorph white imp -> crimson imp
 10810 | D:7      | Found Wirus's Assorted Antiques.
 10960 | D:7      | XOM: fog
 10980 | D:7      | Killed Maggie
 11101 | D:7      | Found Habbeleg's Antique Armour Shoppe.
 11124 | D:7      | XOM: fake destruction
 11246 | D:7      | XOM: swap monsters
 11342 | D:8      | XOM: enchant monster (good)
 11346 | D:8      | Noticed Harold
 11346 | D:8      | Harold changed into Harold the swamp dragon
 11346 | D:8      | XOM: polymorph Harold -> Harold the swamp dragon
 11387 | D:7      | Found an iron altar of Okawaru.
 11400 | D:7      | XOM: summons 1 hostile shadow creature
 11401 | D:7      | XOM: scenery: 1 doors close
 11413 | D:7      | XOM: blink monster(s)
 11441 | D:7      | XOM: divination: detect items
 11531 | D:7      | Noticed a manticore
 11571 | D:7      | Killed a manticore
 11657 | D:7      | XOM: summons friendly white imp
 11718 | D:7      | XOM: confuse monster(s)
 11785 | D:7      | XOM: 1-stop teleportation journey
 12302 | D:7      | XOM: summons 10 friendly demons
 12332 | D:7      | Found a sacrificial altar of Ru.
 12380 | D:7      | XOM: chaos cloud
 12416 | D:6      | XOM: confuse monster(s)
 12420 | D:6      | XOM: give mutations
 12420 | D:6      | Gained mutation: You are partially covered in iridescent
                  | scales. (AC +2) [Xom's grace]
 12420 | D:6      | Gained mutation: You passively map a small area around you.
                  | [Xom's grace]
 12420 | D:6      | Gained mutation: Your system is resistant to poisons.
                  | (rPois) [Xom's grace]
 12420 | D:6      | Gained mutation: You are mostly covered in iridescent
                  | scales. (AC +4) [Xom's grace]
 12473 | D:7      | XOM: destruction
 12722 | D:7      | Reached skill level 10 in Short Blades
 12876 | D:7      | XOM: scenery: 4 doors close
 12902 | D:7      | XOM: summons 2 friendly demons
 13191 | D:8      | XOM: divination: detect items
 13200 | D:8      | XOM: cast spell 'Necromutation'
 13203 | D:8      | XOM: confuse monster(s)
 13215 | D:8      | Killed Harold the swamp dragon
 13285 | D:8      | Found a large runed translucent door.
 13285 | D:8      | Found a large runed translucent door.
 13285 | D:8      | Noticed unlimited1921's ghost (amateur MiFi)
 13394 | D:8      | XOM: scenery: summon butterflies
 13457 | D:8      | XOM: destruction
 13464 | D:8      | XOM: polymorph yak -> black bear
 13468 | D:8      | XOM: silly message
 13540 | D:8      | XOM: summons friendly iron imp
 13552 | D:8      | XOM: cast spell 'Summon Hydra'
 13568 | D:8      | XOM: noise
 13706 | D:8      | Reached XP level 11. HP: 52/56 MP: 14/14
 13790 | D:8      | XOM: god gift: 12 gold pieces
 13901 | D:8      | Found a shimmering blue altar of Sif Muna.
 14140 | D:9      | XOM: silly message
 14157 | D:9      | XOM: enchant monster (bad)
 14196 | D:9      | Found a flagged portal.
 14201 | Bailey   | Entered a bailey
 14318 | Bailey   | Noticed an orc knight
 14349 | Bailey   | Noticed an orc knight
 14369 | Bailey   | Identified the +4 hand axe of Wyrd {freeze, rElec}
 14509 | Bailey   | Reached skill level 5 in Shields
 14739 | Bailey   | XOM: summons friendly shadow imp
 14792 | Bailey   | XOM: noise
 14808 | Bailey   | Killed an orc knight
 14860 | Bailey   | XOM: enchant monster (good)
 15009 | Bailey   | XOM: noise
 15087 | Bailey   | Killed an orc knight
 15261 | Bailey   | XOM: summons 3 hostile demons
 15274 | Bailey   | XOM: stat loss: -1 Int (16/17)
 15430 | D:9      | XOM: fake destruction
 15433 | D:9      | Reached skill level 10 in Dodging
 15468 | D:9      | Found a staircase to the Orcish Mines.
 15621 | D:9      | Found a transporter.
 15623 | D:9      | Noticed ParallaxScroll's ghost (novice DjGl)
 15624 | D:9      | XOM: blink monster(s)
 15659 | D:9      | Noticed Grum
 15673 | D:9      | Killed Grum
 15718 | D:9      | XOM: give mutation
 15718 | D:9      | Lost mutation: Your system is resistant to poisons. (rPois)
                  | [Xom's mischief]
 15719 | D:9      | Found a transporter.
 15833 | D:9      | XOM: divination: detect creatures
 15871 | D:9      | XOM: destruction
 15883 | D:9      | Reached skill level 10 in Slings
 16369 | D:10     | Entered Level 10 of the Dungeon
 16510 | D:10     | XOM: cloud trail
 16571 | D:10     | XOM: summons friendly ufetubus
 16623 | D:10     | XOM: divination: magic mapping
 16789 | D:10     | Noticed Urug
 16792 | D:10     | XOM: confuse monster(s)
 16807 | D:10     | Killed Urug
 16833 | D:10     | XOM: enchant monster (good)
 16875 | D:10     | XOM: cloud trail
 17120 | D:10     | XOM: silly message
 17231 | D:10     | XOM: divination: magic mapping
 17310 | D:10     | XOM is BORED!
 17510 | D:11     | Noticed a cyan ugly thing
 17536 | D:11     | Killed a cyan ugly thing
 17758 | D:11     | Noticed a two-headed ogre
 17794 | D:11     | Killed a two-headed ogre
 17901 | D:11     | Found a staircase to the Lair.
 17904 | D:11     | XOM: summons friendly iron imp
 17946 | D:11     | XOM: god gift: 12 gold pieces
 17985 | D:11     | XOM: divination: detect items
 18026 | D:11     | XOM: 2-stop teleportation journey
 18049 | D:11     | Reached XP level 12. HP: 62/62 MP: 15/15
 18161 | Lair:1   | Entered Level 1 of the Lair of Beasts
 18162 | Lair:1   | XOM: silly message
 18163 | Lair:1   | XOM: enchant monster (bad)
 18177 | D:11     | XOM: silly message
 18435 | Lair:1   | XOM: cloud trail
 18485 | Lair:1   | XOM: silly message
 18640 | Lair:1   | Noticed a four-headed hydra
 18650 | Lair:1   | XOM: give mutations
 18650 | Lair:1   | Lost mutation: You have a pair of horns on your head.
                  | [Xom's mischief]
 18650 | Lair:1   | Gained mutation: Your body sometimes deteriorates upon
                  | taking damage. [Xom's mischief]
 18650 | Lair:1   | Lost mutation: You expend magic power (3 MP) to strengthen
                  | your wands. [Xom's mischief]
 18650 | Lair:1   | Lost mutation: Your body sometimes deteriorates upon taking
                  | damage. [Xom's mischief]
 18651 | Lair:1   | a four-headed hydra changed into a shapeshifter
 18651 | Lair:1   | XOM: polymorph four-headed hydra -> shapeshifter
 18860 | Lair:1   | XOM: god gift: wand of charming (9)
 19010 | Lair:1   | XOM: 1-stop teleportation journey
 19090 | Lair:1   | XOM: divination: magic mapping
 19100 | Lair:1   | XOM: cleaving
 19122 | Lair:1   | Noticed a seven-headed hydra
 19146 | Lair:1   | XOM: fog
 19154 | Lair:1   | XOM: fog
 19168 | Lair:1   | XOM: noise
 19174 | Lair:1   | Killed a seven-headed hydra
 19198 | Lair:1   | XOM: divination: detect items
 19332 | Lair:1   | XOM: divination: detect items
 19464 | Lair:1   | XOM: give mutations
 19464 | Lair:1   | Lost mutation: You have a pair of small horns on your head.
                  | [Xom's mischief]
 19464 | Lair:1   | Gained mutation: You are weak. (Str -2) [Xom's mischief]
 19464 | Lair:1   | Lost mutation: You are mostly covered in iridescent scales.
                  | (AC +4) [Xom's mischief]
 19509 | Lair:1   | XOM: silly message
 19551 | Lair:1   | XOM: torment (32/63 hp)
 19729 | Lair:1   | XOM: noise
 19731 | Lair:1   | XOM: noise
 19732 | Lair:1   | XOM: blink monster(s)
 19732 | Lair:1   | XOM: butterfly on damage
 19735 | Lair:1   | XOM: divination: detect items
 19738 | Lair:1   | XOM: enchant monster (good)
 19739 | Lair:1   | XOM: cleaving
 19929 | Lair:1   | XOM: stat loss: -1 Dex (15/16)
 20090 | Lair:1   | XOM: swap monsters
 20091 | Lair:1   | XOM: polymorph yak -> shapeshifter
 20109 | Lair:1   | XOM: swap monsters
 20128 | Lair:1   | Noticed an anaconda
 20128 | Lair:1   | a merfolk changed into an anaconda
 20160 | Lair:1   | Noticed a spark wasp
 20160 | Lair:1   | an anaconda changed into a spark wasp
 20174 | Lair:1   | XOM is BORED!
 20174 | Lair:1   | a spark wasp changed into a shapeshifter
 20174 | Lair:1   | XOM: polymorph spark wasp -> shapeshifter
 20185 | Lair:1   | XOM: potion effect (might)
 20687 | Lair:2   | XOM: confuse monster(s)
 20904 | Lair:2   | XOM: confuse monster(s)
 20920 | Lair:2   | XOM: 4-stop teleportation journey
 20928 | Lair:2   | XOM: summons friendly shadow imp
 20932 | Lair:2   | XOM: enchant monster (good)
 21151 | Lair:2   | XOM: give mutation
 21151 | Lair:2   | Gained mutation: You are clumsy. (Dex -2) [Xom's mischief]
 21194 | Lair:2   | XOM: summons friendly white imp
 21201 | Lair:2   | XOM: smoke on damage
 21371 | Lair:2   | XOM: noise
 21382 | Lair:2   | XOM: noise
 21499 | Lair:2   | XOM: scenery: create altars
 21551 | Lair:2   | XOM: confuse monster(s)
 21629 | Lair:2   | XOM: summons friendly iron imp
 21827 | Lair:2   | XOM: polymorph water moccasin -> shapeshifter
 22130 | Lair:1   | XOM: give mutations
 22130 | Lair:1   | Gained mutation: Your body sometimes deteriorates upon
                  | taking damage. [Xom's mischief]
 22130 | Lair:1   | Lost mutation: You are clumsy. (Dex -2) [Xom's mischief]
 22130 | Lair:1   | Lost mutation: You are partially covered in iridescent
                  | scales. (AC +2) [Xom's mischief]
 22130 | Lair:1   | Lost mutation: Your body sometimes deteriorates upon taking
                  | damage. [Xom's mischief]
 22195 | Lair:2   | XOM: summons 6 hostile demons
 22197 | Lair:2   | XOM: noise
 22253 | Lair:2   | XOM: polymorph killer bee -> bat
 22358 | Lair:2   | XOM: polymorph killer bee -> hornet
 22422 | Lair:2   | XOM: potion effect (invisibility)
 22655 | Lair:2   | Reached XP level 13. HP: 68/68 MP: 16/16
 22668 | Lair:2   | XOM: enchant monster (bad)
 22693 | Lair:2   | XOM: enchant monster (good)
 22779 | Lair:2   | XOM: silly message
 22781 | Lair:2   | XOM: noise
 23027 | Lair:2   | Found a hole to the Spider Nest.
 23305 | Lair:3   | XOM: stealth player
 23306 | Lair:3   | XOM: summons friendly white imp
 23399 | Lair:3   | XOM: summons friendly quasit
 23415 | Lair:3   | XOM: divination: magic mapping
 23417 | Lair:3   | XOM: noise
 23977 | Lair:2   | XOM: fake destruction
 23993 | Lair:2   | XOM: destruction
 24019 | Lair:2   | XOM: cast spell 'Summon Dragon'
 24114 | Lair:2   | XOM: give mutations
 24114 | Lair:2   | Gained mutation: You sometimes lose the ability to read
                  | scrolls when taking damage. [Xom's mischief]
 24114 | Lair:2   | Lost mutation: Your mind is acute. (Int +2) [Xom's
                  | mischief]
 24382 | Lair:3   | Noticed Nergalle
 24429 | Lair:3   | Killed Nergalle
 24468 | Lair:3   | XOM: enchant monster (good)
 24745 | Lair:3   | XOM: cleaving
 24901 | Lair:3   | XOM: silly message
 24908 | Lair:3   | XOM: silly message
 24911 | Lair:3   | XOM: potion effect (curing)
 24932 | Lair:3   | XOM: enchant monster (bad)
 24941 | Lair:3   | XOM: blink monster(s)
 24942 | Lair:3   | XOM: give mutations
 24942 | Lair:3   | Lost mutation: You possess an exceptional clarity of mind.
                  | [Xom's mischief]
 24942 | Lair:3   | Gained mutation: You are partially covered in iridescent
                  | scales. (AC +2) [Xom's mischief]
 24942 | Lair:3   | Lost mutation: You have a beak for a mouth. [Xom's
                  | mischief]
 24942 | Lair:3   | Gained mutation: You have very sharp teeth. [Xom's
                  | mischief]
 24961 | Lair:3   | XOM: swap monsters
 24966 | Lair:3   | XOM: swap monsters
 24979 | Lair:3   | XOM: enchant monster (bad)
 25511 | Lair:4   | XOM: 3-stop teleportation journey
 25949 | Lair:4   | You fall into a shaft and drop 1 floor!
 25954 | Lair:5   | XOM: noise
 25957 | Lair:5   | XOM: confusion
 25966 | Lair:5   | XOM: butterfly on damage
 25977 | Lair:4   | XOM: scenery: summon butterflies
 25997 | Lair:4   | XOM: stat loss: -1 Int (14/15)
 26071 | Lair:4   | XOM: 3-stop teleportation journey
 26074 | Lair:4   | Found a runed translucent door.
 26074 | Lair:4   | Noticed Thraspic's ghost (journeyman OpFi)
 26335 | Lair:4   | XOM: 1-stop teleportation journey
 26675 | Lair:4   | XOM: blink monster(s)
 26695 | Lair:4   | XOM: polymorph lava snake -> killer bee
 26696 | Lair:4   | XOM: silly message
 26708 | Lair:4   | HP: 3/69 [molten gargoyle (10)]
 26708 | Lair:4   | Mangled by a molten gargoyle

Illustrated notes

Levels and vault maps discovered:
D:1:      lightli_arrival_windingriver, layout_basic,
          hellmonk_ecumenical_altar_blasted, minmay_box_of_dots
D:2:      layout_basic, st_stairs_10
D:3:      layout_rooms, nicolae_dithmenos_the_darkroom, serial_co_window_serial,
          co_window_paths_a, co_window_paths_a, co_window_paths_a,
          co_window_corner_a, co_window_of_opportunity_a, co_window_corner_a,
          co_window_of_opportunity_a, co_window_2corner, co_window_corner_b,
          co_window_unsneaky_path_d, co_window_cross_2, co_window_corner_b,
          glass_columns_a
D:4:      minmay_bubble_buster, layout_basic, lemuel_doored_altar
D:5:      layout_loops_cross, lemuel_tele_altar, tgw_fedhas, serial_shops,
          shop_fountains, nicolae_shop_overgrown_old_shop, shop,
          nicolae_shop_behind_doors, amethyst_killhole
D:6:      layout_loops_ring, elyvilon_altar_1, uniq_crazy_yiuf_cottage
D:7:      lemuel_castle_with_subvaults [lemuel_castle_interior_original],
          layout_basic, nicolae_overflow_quartered_altars,
          minmay_temple_entry_glassed_door, serial_shops,
          nicolae_take_the_stairs, nicolae_shop_crystal, nicolae_shop_trees,
          nicolae_diamond_shop, shop_fountains, uniq_pikel, uniq_maggie
D:8:      layout_rooms, kennysheep_orc_sif_temple, ebering_ghost_disaster_area,
          serial_shops, shop, hangedman_misty_isle, uniq_prince_ribbit1,
          uniq_psyche, uniq_harold
D:9:      layout_loops_corners, david_orc_3, gammafunk_ghost_stat_death,
          enter_bailey_3, uniq_grum
D:10:     layout_roguey [special_room_orc], uniq_urug
D:11:     layout_roguey, erik_lair_orcish_takeover, uniq_fannar, uniq_sonja
Lair:1:   wad_woods_structure_01, layout_regular_city, minivault_25,
          infiniplex_staircase_pool, lemuel_fruit_tree
Lair:2:   regret_index_wax_grids, layout_cave_shapes, spider_nest_entry_webs,
          beast_lair_carwin_6
Lair:3:   layout_cave_pods, gauntlet_entry_generic, portal_ice_cave_rime,
          uniq_nergalle
Lair:4:   cheibrodos_magma_flow, layout_regular_city,
          nicolae_swamp_entry_splash_gauntlet, gammafunk_ghost_grave
Lair:5:   layout_roguey, slime_altar_2, portal_ice_cave_entry_ice_simulacra,
          lemuel_fruit_fields, serial_bayou_shore_a, uniq_kirke

Skill      XL: |  1  2  3  4  5  6  7  8  9 10 11 12 13 |
---------------+----------------------------------------+-----
Fighting       | 1 2 3 4 5 6 8 |  8.7
Dodging        | 3 4 5 7 8 9 10 12 13 | 13.3
Slings         | 3 4 5 6 7 8 9 10 12 13 | 13.6
Short Blades   | 2 3 4 6 8 10 11 12 | 12.2
Shields        | 1 2 3 4 5 7 |  7.2
Spellcasting   | |  1.3
Hexes          | |  3.6

Action                   |  1- 3 |  4- 6 |  7- 9 | 10-12 | 13-15 || total
-------------------------+-------+-------+-------+-------+-------++-------
Melee: Dagger            |       |    40 |       |       |       ||    40
       Short sword       |       |   150 |   276 |  1880 |   595 ||  2901
       Peck              |       |       |    42 |   373 |    64 ||   479
       Headbutt          |       |       |    37 |   235 |       ||   272
       Bite              |       |       |       |       |    37 ||    37
 Fire: Hunting sling     |   133 |    73 |    38 |   482 |    15 ||   741
 Cast: Slow              |    16 |     8 |     1 |       |       ||    25
Evoke: Wand              |       |       |     6 |       |       ||     6
  Use: Scroll            |     2 |       |    10 |    16 |       ||    28
       Potion            |       |     1 |     4 |       |       ||     5
 Stab: Sleeping          |       |     3 |     1 |     1 |     1 ||     6
       Confused          |       |       |     2 |     5 |     2 ||     9
       Paralysed         |       |       |     3 |       |       ||     3
       Invisible         |       |       |     1 |     2 |       ||     3
       Distracted        |       |       |       |     2 |     1 ||     3
       Petrified         |       |       |       |     2 |       ||     2
       Petrifying        |       |       |       |     1 |       ||     1
Armor: Robe              |     7 |    16 |    20 |     1 |       ||    44
       Skin              |       |     7 |       |       |       ||     7
       Steam dragon scal |       |       |       |    97 |    18 ||   115
Dodge: Dodged            |    58 |   167 |   171 |   752 |   239 ||  1387
Block: Buckler           |       |    43 |   169 |   680 |   190 ||  1082
       Reflection        |       |       |     2 |    19 |     2 ||    23
